 Dungeon Crawl Stone Soup version 0.30-a0-23-ge60ba3568b (webtiles) character file.

Game seed: 15260247932068800304

2213 Setbun the Basher (level 9, -2/77 HPs)
             Began as a Minotaur Fighter on Aug 25, 2022.
             Was a Follower of Okawaru.
             Slain by a killer bee (6 damage)
             ... on level 6 of the Dungeon.
             The game lasted 00:06:25 (6626 turns).

Setbun the Basher (Minotaur Fighter)                Turns: 6626, Time: 00:06:25

Health: -2/77      AC: 13    Str: 25    XL:     9   Next: 13%
Magic:  0/8        EV:  6    Int:  5    God:    Okawaru [*.....]
Gold:   259        SH:  4    Dex: 10    Spells: 8/8 levels left

rFire   . . .      SeeInvis .    f - +2 eveningstar (holy)
rCold   . . .      Faith    .    c - +0 buckler
rNeg    . . .      Spirit   +    E - +0 plate armour
rPois   .          Reflect  .    (helmet restricted)
rElec   .          Harm     .    B - +0 cloak
rCorr   .          Rampage  .    H - +0 pair of gloves
Will    .....                    (no boots)
Stlth   ..........               j - amulet of guardian spirit
HPRegen 0.22/turn                (no ring)
MPRegen 0.11/turn                (no ring)

@: no status effects
A: horns 2, retaliatory headbutt, robust 1, MP-powered wands
a: Renounce Religion, Heroism


You were on level 6 of the Dungeon.
You worshipped Okawaru.
Okawaru was aware of your devotion.
You visited 2 branches of the dungeon, and saw 8 of its levels.
You also visited: Sewer.

You collected 259 gold pieces.

Inventory:

Hand Weapons
 a - a +0 flail
 f - a +2 eveningstar of holy wrath (weapon)
 s - a +0 arbalest
 u - a +7 scythe of venom
Missiles
 C - 3 throwing nets (quivered)
Armour
 c - a +0 buckler (worn)
 B - a +0 cloak (worn)
 E - a +0 plate armour (worn)
 H - a +0 pair of gloves (worn)
Jewellery
 j - an amulet of guardian spirit (around neck)
Wands
 t - a wand of digging (4)
Scrolls
 g - 3 scrolls of vulnerability {unknown}
 h - 8 scrolls of identify {unknown}
 o - 2 scrolls of immolation {unknown}
 p - 4 scrolls of enchant armour {unknown}
 q - a scroll of teleportation {unknown}
 r - 3 scrolls of fear {unknown}
 v - a scroll of noise {unknown}
 y - a scroll of butterflies {unknown}
 D - a scroll of torment {unknown}
 F - a scroll of enchant weapon {unknown}
 G - a scroll of silence {unknown}
Potions
 d - a potion of might
 e - 3 potions of curing
 i - 2 potions of mutation
 k - a potion of cancellation
 l - 6 potions of degeneration {unknown}
 m - 5 potions of heal wounds {unknown}
 n - 2 potions of invisibility {unknown}
 w - 3 potions of lignification {unknown}
 x - 2 potions of brilliance {unknown}
 z - a potion of haste {unknown}
 A - a potion of attraction {unknown}


   Skills:
 - Level 3.6 Fighting
 * Level 14.4 Maces & Flails
 - Level 3.6 Armour
 - Level 3.6 Shields


You had 8 spell levels left.
You didn't know any spells.
Your spell library contained the following spells:

 Spells                   Type           Power      Damage    Failure   Level
 Ensorcelled Hibernation  Hex/Ice        0%         N/A       100%        2
 Spider Form              Tmut/Pois      0%         N/A       100%        3
 Anguish                  Hex/Necr       0%         N/A       100%        4
 Passage of Golubria      Tloc           0%         N/A       100%        4
 Yara's Violent Unravell  Hex/Tmut       0%         3d3       100%        5
 Tukima's Dance           Hex            Unusable   N/A       N/A         3

Dungeon Overview and Level Annotations

Branches:
Dungeon (7/15)             Temple (1/1) D:5           Sewer (visited)

Altars:
Ashenzari
Cheibriados
Dithmenos
Elyvilon
Fedhas
Gozag
Hepliaklqana
Kikubaaqudgha
Makhleb
Okawaru
Qazlal
Ru
Sif Muna
Trog
Uskayaw
Vehumet
Wu Jian
Xom
Yredelemnul
Zin
The Shining One

Shops:
D:4 (

Annotations:
Temple 2 transporters


Innate Abilities, Weirdness & Mutations

You have a pair of horns on your head.
You reflexively headbutt those who attack you in melee.
You are robust. (+10% HP)
You expend magic power (3 MP) to strengthen your wands.


Message History

Items here: ( )) [ ÷÷.
You closely miss the killer bee.
You feel sick. You block the killer bee's attack.
You hit the killer bee but do no damage.
You headbutt the killer bee.
The killer bee is lightly wounded.
You feel sick.
The killer bee stings you but does no damage.
The killer bee closely misses you.
You sock the killer bee! Your headbutt misses the killer bee.
The killer bee is severely wounded.
You feel sick. You block the killer bee's attack. The killer bee stings you.
* * * LOW HITPOINT WARNING * * *
You are more poisoned.
The killer bee poisons you!
You miss the killer bee.
The killer bee is severely wounded.
You feel sick. The killer bee stings you.
* * * LOW HITPOINT WARNING * * *
You bludgeon the killer bee!!
You kill the killer bee!
Okawaru accepts your kill.
* * * LOW HITPOINT WARNING * * *
You feel sick. The killer bee stings you.
* * * LOW HITPOINT WARNING * * *
It was a potion of curing.
You feel better. The killer bee stings you.
* * * LOW HITPOINT WARNING * * *
The killer bee stings you!
* * * LOW HITPOINT WARNING * * *
It was a potion of mutation.
You feel extremely strange.
You feel your magical essence link to the dungeon's wands.
You feel robust.
The killer bee stings you but does no damage.
The killer bee stings you.
* * * LOW HITPOINT WARNING * * *
It was a potion of cancellation.
You feel magically purged. The killer bee closely misses you.
The killer bee stings you but does no damage.
You barely miss the killer bee. The killer bee stings you!
You die...

.#########...### #.###
#.########
...............###.#####.#####
#
..############..##.#.........#
..# #........>..............#
..# #.########)#)##.........#
..# #.# #)>.##.........# ..#
#.# ##o###.........# ..# #†#
#y# #.........### ..# #.# #@#
#...........# ### #.# #.#
#...........# #.#
###.###...........# #.#
#.................# #.#
#.........######### #.#
#.........# #.# #.......(.#
#### #.# #.........# ...# #.#
###.#######


You could see an orc warrior and a killer bee.

Vanquished Creatures
  Sigmund (D:3)
  Menkaure (D:6)
  2 water moccasins (D:6)
  An ice beast (D:6)
  3 black bears (D:6)
  2 ogres
  A phantom (D:4)
  A kobold brigand (D:6)
  2 scorpions (D:4)
  A killer bee (D:6)
  3 howler monkeys (D:6)
  6 hounds
  A jelly (D:6)
  2 orc priests
  4 iguanas
  Terence (D:3)
  4 orc wizards
  5 gnolls
  6 adders
  4 river rats
  5 white imps
  An ufetubus (D:5)
  3 worms
  A dart slug (D:1)
  23 orcs
  7 ball pythons
  4 bats
  6 endoplasms
  3 giant cockroaches
  3 goblins
  6 hobgoblins
  11 kobolds
  4 quokkas
  4 frilled lizards
  9 rats
141 creatures vanquished.

Vanquished Creatures (others)
  A fungus (D:1)
1 creature vanquished.

Grand Total: 142 creatures vanquished

Notes
Turn   | Place    | Note
-------+----------+-------------------------------------------
     0 | D:1      | Setbun the Minotaur Fighter began the quest for the Orb.
     0 | D:1      | Reached XP level 1. HP: 19/19 MP: 0/0
   331 | D:1      | Reached skill level 3 in Maces & Flails
   342 | D:1      | Reached XP level 2. HP: 25/26 MP: 1/1
   445 | D:1      | Found a faded altar of an unknown god.
   577 | D:1      | Reached skill level 4 in Maces & Flails
   937 | D:2      | Found a white marble altar of Elyvilon.
  1214 | D:2      | Reached XP level 3. HP: 21/31 MP: 2/2
  1885 | D:3      | Noticed Sigmund
  1892 | D:3      | Killed Sigmund
  1893 | D:3      | Reached skill level 6 in Maces & Flails
  1893 | D:3      | Reached XP level 4. HP: 39/39 MP: 3/3
  1893 | D:3      | Reached XP level 5. HP: 45/45 MP: 4/4
  1925 | D:3      | Found a bloodstained altar of Trog.
  1938 | D:3      | Found a burning altar of Makhleb.
  2131 | D:3      | Reached skill level 7 in Maces & Flails
  2288 | D:3      | Noticed Terence
  2293 | D:3      | Killed Terence
  2414 | D:4      | Identified a scroll of acquirement
  2414 | D:4      | Acquired a +2 eveningstar of holy wrath
  2472 | D:4      | Noticed a phantom
  2483 | D:4      | Killed a phantom
  2484 | D:4      | Reached XP level 6. HP: 46/51 MP: 5/5
  2501 | D:4      | Reached skill level 8 in Maces & Flails
  2593 | D:4      | Found Puvekk's Weapon Emporium.
  2646 | D:4      | Found a glowing drain.
  2758 | Sewer    | Entered a sewer
  3135 | Sewer    | Reached skill level 9 in Maces & Flails
  3286 | D:4      | Reached XP level 7. HP: 57/57 MP: 6/6
  3411 | D:4      | Reached skill level 10 in Maces & Flails
  4181 | D:5      | Entered Level 5 of the Dungeon
  4191 | D:5      | Found a sacrificial altar of Ru.
  4326 | D:5      | Found a stormy altar of Qazlal.
  4466 | D:5      | Reached skill level 11 in Maces & Flails
  4646 | D:5      | Found a staircase to the Ecumenical Temple.
  4656 | Temple   | Entered the Ecumenical Temple
  4656 | Temple   | Found a transporter.
  4656 | Temple   | Found a transporter.
  4658 | Temple   | Found a transporter.
  4658 | Temple   | Found a transporter.
  4676 | Temple   | Became a worshipper of Warmaster Okawaru
  5429 | D:6      | Reached XP level 8. HP: 64/64 MP: 7/7
  5481 | D:6      | Identified the +7 halberd of Purpose {holy, rF+}
  5673 | D:6      | Noticed Menkaure
  5681 | D:6      | Killed Menkaure
  5682 | D:6      | Reached skill level 12 in Maces & Flails
  6096 | D:6      | Reached * piety under Okawaru
  6097 | D:6      | Reached skill level 13 in Maces & Flails
  6400 | D:6      | Reached skill level 14 in Maces & Flails
  6400 | D:6      | Reached XP level 9. HP: 58/70 MP: 8/8
  6624 | D:6      | Gained mutation: You expend magic power (3 MP) to
                  | strengthen your wands. [potion of mutation]
  6624 | D:6      | Gained mutation: You are robust. (+10% HP) [potion of
                  | mutation]
  6626 | D:6      | Slain by a killer bee

Illustrated notes

Levels and vault maps discovered:
D:1:      minmay_arrival_up_and_down, layout_rooms,
          shapermc_ecumenical_altar_mp_ritualfount, minmay_misc_feat_alley,
          minmay_pentomino_o2
D:2:      layout_basic, basic_altar, minmay_misc_feat_doors
D:3:      layout_loops_ring, mainiacjoe_overflow_catwalk_spiral,
          nicolae_elevator_lobby_asterisk, uniq_sigmund, uniq_terence
D:4:      minmay_inner_zag, layout_basic, portal_sewer_entry_a, serial_shops,
          nicolae_shop_window_shopping, kennysheep_generic_room_10
D:5:      layout_basic, nicolae_qazlal_general_emergency, hangedman_ru_absence,
          temple_green, kennysheep_windowed_goal
D:6:      layout_basic, uniq_menkaure
D:7:      layout_rooms, roderic_batcave, minmay_misc_feat_pillars
Temple:   hellmonk_temple_divided_pantheon

Skill      XL: |  1  2  3  4  5  6  7  8 |
---------------+-------------------------+-----
Maces & Flails | 3 4 6 7 9 11 14 | 14.4
Fighting       | |  3.6
Armour         | |  3.6
Shields        | |  3.6

Action                   |  1- 3 |  4- 6 |  7- 9 || total
-------------------------+-------+-------+-------++-------
Melee: Flail             |    67 |    17 |       ||    84
       Headbutt          |     8 |     7 |    28 ||    43
       Eveningstar       |       |    90 |   191 ||   281
  Use: Scroll            |       |     2 |       ||     2
       Potion            |       |       |     3 ||     3
Armor: Scale mail        |    32 |    49 |    25 ||   106
       Plate armour      |       |       |   112 ||   112
Dodge: Dodged            |    28 |    46 |    95 ||   169
Block: Buckler           |    11 |    27 |    55 ||    93

Table legend: (Time is in decaauts)
 A = Elapsed time spent in this place.
 B = Non-inter-level travel time spent in this place.
 C = Inter-level travel time spent in this place.
 D = Time resting spent in this place.
 E = Time spent auto-exploring this place.
 F = Levels seen in this place.
 G = Mean time per level.
                   A        B        C        D        E       F      G
               +--------+--------+--------+--------+--------+-----+--------+
         Total |   6690 |   6272 |    418 |    257 |   5106 |   9 |  743.3 |
       Dungeon |   6091 |   5673 |    418 |    257 |   4617 |   7 |  870.1 |
        Temple |     44 |     44 |      0 |      0 |      7 |   1 |   44.0 |
         Sewer |    553 |    553 |      0 |      0 |    481 |   1 |  553.0 |
               +--------+--------+--------+--------+--------+-----+--------+

Top non-repeatable levels by time:
     D:4: 1330 daAuts
     D:6: 1203 daAuts
     D:5: 1169 daAuts
     D:2: 893 daAuts
     D:1: 742 daAuts
     D:3: 734 daAuts
   Sewer: 553 daAuts
  Temple: 44 daAuts
     D:7: 18 daAuts
